 Dungeon Sprint DCSS version 0.27-a0-1202-ge72e49191c (webtiles) character file.

Game seed: 1452328166544183190

284 night the Fighter (level 6, -1/58 HPs)
             Began as a Demonspawn Gladiator on June 3, 2021.
             Was an Initiate of Gozag.
             Slain by a two-headed ogre
             ... wielding a +0 giant club
              (28 damage)
             ... in the Dungeon (Sprint IX: "|||||||||||||||||||||||||||||").
             The game lasted 00:01:46 (360 turns).

night the Fighter (Demonspawn Gladiator)             Turns: 360, Time: 00:01:46

Health: -1/58      AC:  8    Str: 22    XL:     6   Next: 7%
Magic:  6/6        EV: 11    Int: 10    God:    Gozag
Gold:   0          SH:  6    Dex: 14    Spells: 5/5 levels left

rFire    . . .     SeeInvis .   m - +1 broad axe (vorpal)
rCold    . . .     Faith    .   (no shield)
rNeg     . . .     Spirit   .   n - +2 ring mail
rPois    .         Reflect  .   (helmet restricted)
rElec    .         Harm     .   a - +0 cloak
rCorr    .         Rampage  .   (no gloves)
Will     .....     NoTele   +   (no boots)
Stlth    +.........             (no amulet)
HPRegen  0.19/turn              o - +3 ring of strength
MPRegen  0.20/turn              p - +3 ring of strength

@: gold aura
A: horns 2, large bone plates 2, magic regeneration
a: Renounce Religion, Potion Petition, Call Merchant, Bribe Branch


You were in the Dungeon.
You worshipped Gozag.
Gozag was noncommittal.
You visited 1 branch

Inventory:

Hand Weapons
 m - a +1 vorpal broad axe (weapon)
Missiles
 d - 3 throwing nets (quivered)
Armour
 a - a +0 cloak (worn)
 b - a +0 leather armour
 c - a +0 helmet
 n - a +2 ring mail (worn)
Jewellery
 o - a +3 ring of strength (left hand)
 p - a +3 ring of strength (right hand)
Wands
 l - a wand of iceblast (10)
Scrolls
 j - 2 scrolls of blinking
 k - 2 scrolls of amnesia
Potions
 e - a potion of invisibility
 f - 3 potions of heal wounds
 g - 4 potions of curing
 h - 4 potions of magic
 i - a potion of berserk rage


   Skills:
 + Level 9.2 Fighting
 + Level 8.7 Axes
 - Level 1.7 Throwing
 - Level 2.6 Dodging


You had 5 spell levels left.
You didn't know any spells.
Your spell library was empty.

Dungeon Overview and Level Annotations

Branches:
Dungeon (1/1)

Altars:
Cheibriados
Dithmenos
Elyvilon
Fedhas
Gozag
Hepliaklqana
Kikubaaqudgha
Makhleb
Nemelex Xobeh
Okawaru
Qazlal
Ru
Sif Muna
Trog
Uskayaw
Vehumet
Wu Jian
Xom
Yredelemnul
Zin
The Shining One
Beogh
Jiyva
Lugonu


Innate Abilities, Weirdness & Mutations

You have a pair of horns on your head.
You are mostly covered in large bone plates. (SH +6)
You regenerate magic rapidly.


Message History

The orc warrior is lightly wounded.
You closely miss the orc warrior.
The orc warrior is lightly wounded.
The orc warrior hits you with a +0 morningstar.
You barely miss the orc warrior.
The orc warrior is lightly wounded.
You block the orc warrior's attack. The orc warrior closely misses you.
You slash the orc warrior!
The orc warrior is heavily wounded.
The orc warrior misses you.
You hit the orc warrior but do no damage.
Your headbutt misses the orc warrior.
The orc warrior is heavily wounded.
The orc warrior barely misses you.
You slash the orc warrior!
The orc warrior is almost dead.
The orc warrior barely misses you.
You slash the orc warrior!
You kill the orc warrior!
The kobold brigand becomes distracted by the nearby gold, dreaming of imaginary riches.
The two-headed ogre hits you with a +0 giant club!!
Ouch! That really hurt!
The two-headed ogre misses you.
Your Fighting skill increases to level 9!
Your Axes skill increases to level 8!
You have reached level 6!
Your experience leads to an increase in your attributes!
Your base attributes are Str 15, Int 10, Dex 14.
Increase (S)trength, (I)ntelligence, or (D)exterity?
You feel stronger.
Your demonic ancestry asserts itself...
The horns on your head grow some more.
The kobold brigand shouts!
You hit the two-headed ogre.
The two-headed ogre is lightly wounded.
The kobold brigand is no longer distracted by gold.
You barely miss the two-headed ogre. You headbutt the two-headed ogre.
The two-headed ogre is lightly wounded.
The two-headed ogre hits you with a +0 giant club!!
You die...
Your body crumbles into a pile of gold. ▓▓▓▓▓▓▓▓▓▓▓▓▓▓▓▓▓▓▓▓▓▓▓▓ _______'..)..[..@OyKDZ.. ▓▓▓▓▓▓▓▓▓▓▓▓▓▓▓▓▓▓▓▓▓▓▓▓ $ $$$$$$ $$$$$ $ $ $ $$$$$

You could see a two-headed ogre, an acid dragon, a kobold brigand, a killer bee and a jackal zombie.

Vanquished Creatures
  An orc warrior (D)
  A black bear (D)
  A necrophage (D)
  A dart slug (D)
  An orc (D)
  A bat (D)
  A bat skeleton (D)
  An endoplasm (D)
  A goblin (D)
  2 jackals (D)
11 creatures vanquished.

Notes
Turn   | Place    | Note
-------+----------+-------------------------------------------
     0 | D        | night the Demonspawn Gladiator began the quest for the Orb.
     0 | D        | Reached XP level 1. HP: 16/16 MP: 1/1
     9 | D        | Reached skill level 3 in Fighting
    13 | D        | Gained mutation: You are partially covered in large bone
                  | plates. (SH +4) [demonic ancestry]
    13 | D        | Reached XP level 2. HP: 22/24 MP: 2/2
    35 | D        | Noticed a black bear
    35 | D        | Noticed a necrophage
    47 | D        | Killed a black bear
    48 | D        | Reached skill level 6 in Fighting
    48 | D        | Gained mutation: You have a pair of small horns on your
                  | head. [demonic ancestry]
    48 | D        | Reached XP level 3. HP: 14/35 MP: 3/3
    48 | D        | Gained mutation: You are mostly covered in large bone
                  | plates. (SH +6) [demonic ancestry]
    48 | D        | Reached XP level 4. HP: 17/41 MP: 4/4
    54 | D        | Killed a necrophage
    55 | D        | Reached skill level 8 in Fighting
    55 | D        | Gained mutation: You regenerate magic rapidly. [demonic
                  | ancestry]
    55 | D        | Reached XP level 5. HP: 20/49 MP: 5/5
   253 | D        | Found a snail-covered altar of Cheibriados.
   253 | D        | Found a shadowy altar of Dithmenos.
   253 | D        | Found a blossoming altar of Fedhas.
   253 | D        | Found an opulent altar of Gozag.
   254 | D        | Found a hazy altar of Hepliaklqana.
   255 | D        | Found a viscous altar of Jiyva.
   256 | D        | Found an ancient bone altar of Kikubaaqudgha.
   257 | D        | Found a corrupted altar of Lugonu.
   258 | D        | Found a burning altar of Makhleb.
   259 | D        | Found a sparkling altar of Nemelex Xobeh.
   260 | D        | Found an iron altar of Okawaru.
   261 | D        | Became a worshipper of Gozag Ym Sagoz the Greedy
   296 | D        | Found a stormy altar of Qazlal.
   297 | D        | Found a sacrificial altar of Ru.
   298 | D        | Found a shimmering blue altar of Sif Muna.
   299 | D        | Found a bloodstained altar of Trog.
   300 | D        | Found a hide-covered altar of Uskayaw.
   301 | D        | Found a radiant altar of Vehumet.
   302 | D        | Found an ornate altar of the Wu Jian Council.
   303 | D        | Found a shimmering altar of Xom.
   304 | D        | Found a basalt altar of Yredelemnul.
   350 | D        | Noticed an orc warrior
   350 | D        | Noticed a two-headed ogre
   350 | D        | Noticed an acid dragon
   358 | D        | Killed an orc warrior
   359 | D        | Reached skill level 9 in Fighting
   359 | D        | Gained mutation: You have a pair of horns on your head.
                  | [demonic ancestry]
   359 | D        | Reached XP level 6. HP: 27/58 MP: 6/6
   360 | D        | Slain by a two-headed ogre

Illustrated notes

Levels and vault maps discovered:
D:        linesprint [early_d, line_temple, items_1, d_10, items_2, lair_1,
          lair_end, items_3, orc_1, orc_end, items_4, d_15, swamp_1, shoals_1,
          snake_1, spider_1, d_20, vaults_1, items_5, swamp_end, shoals_end,
          snake_end, spider_end, vaults_end, d_27, items_6, zot_1, zot_end,
          crypt_end, forest_end, elf_end, slime_end, tomb_end, abyss_end,
          pan_hell_end]

Skill      XL: |  1  2  3  4  5 |
---------------+----------------+-----
Axes           | 3 6 7 8 |  8.7
Fighting       | 3 6 8 9 |  9.2
Throwing       | |  1.7
Dodging        | |  2.6

Action                   |  1- 3 |  4- 6 || total
-------------------------+-------+-------++-------
Melee: War axe           |    18 |     7 ||    25
       Headbutt          |       |     3 ||     3
       Broad axe         |       |    10 ||    10
  Use: Potion            |     2 |       ||     2
Armor: Leather armour    |     7 |       ||     7
       Ring mail         |       |     1 ||     1
Dodge: Dodged            |    18 |     7 ||    25
Block: Other             |     3 |     3 ||     6

Table legend: (Time is in decaauts)
 A = Elapsed time spent in this place.
 B = Non-inter-level travel time spent in this place.
 C = Inter-level travel time spent in this place.
 D = Time resting spent in this place.
 E = Time spent auto-exploring this place.
 F = Levels seen in this place.
 G = Mean time per level.
                   A        B        C        D        E       F      G
               +--------+--------+--------+--------+--------+-----+--------+
         Total |    349 |    349 |      0 |    194 |     53 |   1 |  349.0 |
       Dungeon |    349 |    349 |      0 |    194 |     53 |   1 |  349.0 |
               +--------+--------+--------+--------+--------+-----+--------+

Top non-repeatable levels by time:
       D: 349 daAuts
